 Dungeon Crawl Stone Soup version 0.30-b1-2-g02819fbbbe (webtiles) character file.

Game seed: 7786569725108748380

72 Alarkh the Insei (level 4, 35/35 HPs)
             Began as a Demonspawn Chaos Knight on May 21, 2023.
             Was a Plaything of Xom.
             Got out of the dungeon alive.
             The game lasted 00:02:17 (1553 turns).

Alarkh the Insei (Demonspawn Chaos Knight)          Turns: 1553, Time: 00:02:18

Health: 35/35      AC:  6    Str: 12    XL:     4   Next: 6%
Magic:  4/4        EV: 11    Int: 16    God:    Xom [..*...]
Gold:   111        SH:  0    Dex: 12    Spells: 3/3 levels left

rFire   . .          .
                       - Unarmed
rCold   . . .        (no shield)
rNeg    . . .        a - +2 leather armour
rPois   .            (no helmet)
rElec   .            (no cloak)
rCorr   .            (no gloves)
SInv    .            d - +0 pair of boots
Will    .....        (no amulet)
Stlth   +            (no ring)
HPRegen 0.25/turn    (no ring)
MPRegen 0.09/turn

%: no passive effects
@: no status effects
A: demonic guardian 1, demonic magic 1
a: Renounce Religion


You escaped.
You worshipped Xom.
You were a toy of Xom.
You visited 1 branch of the dungeon, and saw 3 of its levels.

You collected 111 gold pieces.

Inventory:

Armour
 a - a +2 leather armour (worn)
 d - a +0 pair of boots (worn)
Scrolls
 c - 3 scrolls of enchant weapon
 i - a scroll of magic mapping {unknown}
 j - 2 scrolls of fear {unknown}
 k - a scroll of amnesia {unknown}
 r - a scroll of identify
Potions
 e - a potion of curing
 f - a potion of flight
 g - 2 potions of mutation {unknown}
 h - a potion of attraction
Miscellaneous
 b - a piece from Xom's chessboard (2/15) (quivered)


   Skills:
 - Level 3.0 Fighting
 - Level 1.7 Armour
 - Level 0.8 Dodging
 + Level 4.5 Unarmed Combat


You had 3 spell levels left.
You didn't know any spells.
Your spell library contained the following spells:

 Spells                   Type           Power      Damage    Failure   Level
 Anguish                  Hex/Necr       0%         N/A       97%         4
 Cause Fear               Hex            0%         N/A       97%         4
 Enfeeble                 Hex            0%         N/A       100%        7


Dungeon Overview and Level Annotations

Branches:
Dungeon (3/15)

Altars:


Innate Abilities, Weirdness & Mutations

A weak demonic guardian rushes to your aid.
Spells you cast may paralyse adjacent enemies.


Message History

There is a stone staircase leading up here.
An adder comes into view.
An adder is nearby!
An adder is nearby!
The adder hisses angrily.
You barely miss the adder. The adder closely misses you.
You barely miss the adder. The adder barely misses you. The adder bites you.
You hit the adder but do no damage. The adder barely misses you.
You barely miss the adder. The adder closely misses you.
You miss the adder. The adder bites you but does no damage.
You miss the adder. The adder barely misses you.
You closely miss the adder. The adder bites you but does no damage.
You hit the adder.
The adder is severely wounded.
The adder bites you but does no damage. The adder closely misses you.
You closely miss the adder.
The adder is severely wounded.
The adder barely misses you.
You barely miss the adder.
The adder is severely wounded.
The adder bites you but does no damage.
You hit the adder. You punch the adder.
You kill the adder!
You have reached level 4!
You feel clever.
Your demonic ancestry asserts itself...
A menacing aura infuses your magic.
Unknown command.
(D) Dungeon
Where to? (Enter - D:3, ? - help)
What level of the Dungeon? (default 1, ? - help)
There is a stone staircase leading up here.
You climb upwards.
There is a stone staircase leading down here.
There is a stone staircase leading up here.
You climb upwards.
There is a stone staircase leading down here.
Unknown command.
There is a staircase leading out of the dungeon here.
Are you sure you want to leave the Dungeon?
This will make you lose the game!
You have escaped!

....#................##.....##...
.)..#.......######...##.....##...
............# ##....##.....##...
....#.......####.....##.....##...
........#.............#.....##...
####.##.#...#########.#.....##...
...#..#.#.#...........#.....)....
.#.#..#.#.#...........######...##
.#.#..#.#.#.....@.....# #...#
...##.#.#.............# #...#
.#....#.#.#...........# #...#
.#.####.#.#.#########.# #...#
.#.# #.#.............# #...# ##.#
#.#........###### #...# ...#
#.#.######## #...# #######.#.#
#...# ........#.# #####


There were no monsters in sight!

Vanquished Creatures
  2 adders
  2 worms (D:2)
  3 dart slugs
  7 endoplasms
  A giant cockroach (D:1)
  3 hobgoblins (D:2)
  2 jackals (D:1)
  A quokka (D:1)
  4 ball pythons (D:2)
  3 bats
  2 frilled lizards
  4 goblins
  3 kobolds
  5 rats
42 creatures vanquished.

Notes
Turn   | Place    | Note
-------+----------+-------------------------------------------
     0 | D:1      | Alarkh the Demonspawn Chaos Knight began the quest for the
                  | Orb.
     0 | D:1      | Reached XP level 1. HP: 18/18 MP: 1/1
   123 | D:1      | XOM: silly message
   185 | D:1      | Reached skill level 3 in Unarmed Combat
   279 | D:1      | Gained mutation: A weak demonic guardian rushes to your
                  | aid. [demonic ancestry]
   279 | D:1      | Reached XP level 2. HP: 24/24 MP: 2/2
   660 | D:1      | XOM: noise
   798 | D:2      | Reached XP level 3. HP: 23/29 MP: 3/3
   906 | D:2      | XOM: god gift: dagger {god gift}
   922 | D:2      | Reached skill level 4 in Unarmed Combat
   933 | D:2      | XOM: divination: magic mapping
   934 | D:2      | XOM: noise
  1272 | D:2      | XOM: divination: detect creatures
  1478 | D:3      | Gained mutation: Spells you cast may paralyse adjacent
                  | enemies. [demonic ancestry]
  1478 | D:3      | Reached XP level 4. HP: 35/35 MP: 4/4
  1553 | D:$      | Got out of the dungeon alive.

Illustrated notes

Levels and vault maps discovered:
D:1:      minmay_arrival_semitransparent, layout_basic
D:2:      layout_rooms, minmay_distorted
D:3:      layout_loops_ring, nicolae_hepliaklqana_hazy_memory, serial_shops,
          shop, minmay_misc_feat_rugged

Skill      XL: |  1  2  3 |
---------------+----------+-----
Unarmed Combat | 3 4 |  4.5
Fighting       | |  3.0
Armour         | |  1.7
Dodging        | |  0.8

Action                     |  1- 3 |  4- 6 || total
---------------------------+-------+-------++-------
  Melee: Unarmed           |   175 |       ||   175
         Punch             |     8 |       ||     8
  Evoke: Piece from Xom's  |    15 |       ||    15
    Use: Scroll            |     4 |       ||     4
         Potion            |     1 |       ||     1
   Stab: Petrified         |    29 |       ||    29
         Sleeping          |     1 |       ||     1
 Armour: Leather armour    |    56 |       ||    56
  Dodge: Dodged            |    90 |       ||    90
